 Dungeon Sprint DCSS version 0.19-a0-1815-g4007336 (webtiles) character file.

28 poirepourri the Sneak (level 3, -3/16 HPs)
             Began as a Spriggan Enchanter on Oct 5, 2016.
             Slain by a water elemental (8 damage)
             ... in the Dungeon (Sprint III: "The Ten Rune Challenge").
             The game lasted 00:01:17 (414 turns).

poirepourri the Sneak (Spriggan Enchanter)           Turns: 414, Time: 00:01:18

Health: -3/16      AC:  3    Str:  4    XL:     3   Next: 0%
Magic:  9/9        EV: 19    Int: 16    God:
Gold:   27         SH:  0    Dex: 17    Spells: 4 memorised, 0 levels left

rFire  . . .     SeeInvis +     a - +1 dagger
rCold  . . .     Gourm    .     b - +1 robe
rNeg   . . .     Faith    .     (shield restricted)
rPois  .         Spirit   .     (helmet restricted)
rElec  .         Dismiss  .     (no cloak)
rCorr  .         Reflect  .     (gloves unavailable)
MR     .....     Harm     .     (boots unavailable)
Stlth  ++++...... NoTele   +    (no amulet)
                                (no ring)
                                (no ring)

@: engulfed (cannot breathe), very quick
A: unfitting armour, see invisible, herbivore 3, speed 3, slow metabolism 2
a: no special abilities


You were in the Dungeon.
You were not hungry.

You visited 1 branch You collected 27 gold pieces.

Inventory:

Hand Weapons
 a - a +1 dagger (weapon)
Armour
 b - a +1 robe (worn)
Scrolls
 j - a scroll of blinking
 k - 5 scrolls of identify
 l - 2 scrolls of torment {unknown}
 m - 2 scrolls of remove curse {unknown}
Potions
 e - a potion of curing
 f - a potion of heal wounds
 g - a potion of haste
 h - 2 potions of magic
 i - 2 potions of mutation {unknown}
 n - 2 potions of cure mutation
 o - 2 potions of flight
 q - a potion of ambrosia {unknown}
 r - a potion of lignification {unknown}
Books
 c - a book of Maledictions

   Spells                             Type                      Level
   a - Corona                         Hexes                        1
   b - Ensorcelled Hibernation        Hexes/Ice                    2
   c - Confuse                        Hexes                        3
   d - Tukima's Dance                 Hexes                        3
   e - Dazzling Spray                 Conjuration/Hexes            3
Comestibles
 d - a bread ration
 p - 4 fruits


   Skills:
 + Level 1.8 Short Blades
 + Level 4.1 Dodging
 + Level 7.2 Stealth
 + Level 3.9 Spellcasting
 + Level 5.2 Hexes


You couldn't memorise any spells.
You knew the following spells:

 Your Spells              Type           Power        Failure   Level  Hunger
a - Corona                Hex            ###....      1%          1    None
b - Ensorcelled Hibernat  Hex/Ice        ##....       10%         2    ##.....
c - Confuse               Hex            ###.....     8%          3    ###....
d - Tukima's Dance        Hex            ###.....     8%          3    ###....


Dungeon Overview and Level Annotations

Branches:
Dungeon (1/1)

Altars:


Innate Abilities, Weirdness & Mutations

You are very small and have problems with some larger weapons.
You are too small for most types of armour.
You have supernaturally acute eyesight. (SInv)
You are a herbivore.
You cover ground extremely quickly.
You need consume almost no food.


Message History

There is an open door to the Ecumenical Temple here.
The helpless water elemental fails to defend itself.
You impale the water elemental!!
The water elemental is almost destroyed.
The water elemental closely misses you.
Unknown command.
Unknown command.
You barely miss the water elemental.
The water elemental is almost destroyed.
The water elemental misses you.
You barely miss the water elemental.
The water elemental is almost destroyed.
The water elemental hits you.
The water elemental engulfs you in water!
You hit the water elemental.
The water elemental is almost destroyed.
Your lungs strain for air!
The water elemental hits you!
Ouch! That really hurt!
You die...

▓▓▓▓▓▓ ▓▓▓ .#...####
##.# .#......#####..#
##...†...#%.#..#
.##.##...#..#..###+#+###
.##.###..##'#..#........
####.##..###...'@E......
##..##..####...#...#####
....##..###....#.⌠.#
#..##...##..†..#...#
..##....#......#+###
.###..##.#.....# .#
#..#####....# ▓▓ ▓▓▓▓
▓▓▓▓▓▓


You could see a water elemental.

Vanquished Creatures
  A human (D)
  An ooze (D)
  A phantom (D)
  3 rats (D)
6 creatures vanquished.

Vanquished Creatures (others)
  2 draconian scorchers (D)
  A yaktaur (D)
  5 hellions (D)
8 creatures vanquished.

Grand Total: 14 creatures vanquished

Notes
Turn   | Place    | Note
-------+----------+-------------------------------------------
     0 | D        | poirepourri the Spriggan Enchanter began the quest for the Orb.
     0 | D        | Reached XP level 1. HP: 9/9 MP: 5/5
    18 | D        | Reached skill level 5 in Stealth
    35 | D        | Killed a yaktaur
    95 | D        | Killed a hellion
    96 | D        | Killed a hellion
    97 | D        | Killed a hellion
   115 | D        | Killed a hellion
   123 | D        | Killed a hellion
   183 | D        | Killed a white draconian scorcher
   185 | D        | Killed a white draconian scorcher
   193 | D        | Reached skill level 6 in Stealth
   193 | D        | Reached XP level 2. HP: 13/13 MP: 7/7
   226 | D        | Learned a level 2 spell: Ensorcelled Hibernation
   268 | D        | Reached skill level 7 in Stealth
   268 | D        | Reached skill level 5 in Hexes
   268 | D        | Reached XP level 3. HP: 11/16 MP: 2/9
   320 | D        | Learned a level 3 spell: Confuse
   324 | D        | Learned a level 3 spell: Tukima's Dance
   408 | D        | Noticed a water elemental
   414 | D        | Slain by a water elemental

Vault maps used:
D:        dungeon_sprint_mu

Skill      XL: |  1  2 |
---------------+-------+-----
Hexes          | 4 5 |  5.2
Stealth        | 6 7 |  7.2
Spellcasting   | 3 |  3.9
Dodging        | 4 |  4.1
Short Blades   | |  1.8

Action                   || total
-------------------------++-------
Melee: Dagger            ||    42
 Cast: Ensorcelled Hiber ||     2
  Use: Potion            ||     1
 Stab: Sleeping          ||     4
Armor: Robe              ||     5
Dodge: Dodged            ||    26
